 Dungeon Crawl Stone Soup version 0.20.0-6-gd3061e9 (webtiles) character file.

4153 xgamer67 the Conjurer (level 9, -4/74 HPs)
             Began as a Demigod Wizard on May 28, 2017.
             Slain by a spiny frog (16 damage)
             ... on level 1 of the Lair of Beasts.
             The game lasted 00:33:39 (10403 turns).

xgamer67 the Conjurer (Demigod Wizard)             Turns: 10403, Time: 00:33:40

Health: -4/74      AC: 14    Str: 16    XL:     9   Next: 80%
Magic:  5/20       EV: 15    Int: 22    God:
Gold:   135        SH:  0    Dex: 14    Spells: 7/18 levels left

rFire    . . .     SeeInvis .   a - +2 dagger (venom)
rCold    . . .     Gourm    +   (no shield)
rNeg     . . .     Faith    .   q - +0 steam dragon scales
rPois    +         Spirit   .   L - +1 hat
rElec    .         Reflect  .   (no cloak)
rCorr    .         Harm     .   (no gloves)
MR       .....                  w - +0 pair of boots
Stlth    ++........             K - amulet of the gourmand
Regen    0.3/turn               h - ring of poison resistance
MPRegen  0.2/turn               t - +6 ring of protection

@: lethally poisoned (-4 -> -8)
A: high mp 1
a: no special abilities


You were on level 1 of the Lair of Beasts.
You were completely stuffed.

You visited 2 branches of the dungeon, and saw 10 of its levels.

You collected 376 gold pieces.
You spent 241 gold pieces at shops.

Inventory:

Hand Weapons
 a - a +2 dagger of venom (weapon)
 n - a +1 vampiric rapier
 u - a +0 blowgun
Missiles
 g - 213 stones (quivered)
 v - 9 poisoned needles
 O - 2 needles of paralysis
Armour
 q - +0 steam dragon scales (worn)
 w - a +0 pair of boots (worn)
 L - a +1 hat (worn)
Jewellery
 h - a ring of poison resistance (left hand)
 l - a +4 ring of protection
 p - an uncursed ring of protection from fire
 s - an uncursed ring of teleportation
 t - a +6 ring of protection (right hand)
 K - an amulet of the gourmand (around neck)
Wands
 x - a wand of flame (22/48)
 N - a wand of digging (18/24)
Scrolls
 j - a scroll of recharging {unknown}
 y - a scroll of amnesia
 H - 3 scrolls of fog
 I - 2 scrolls of teleportation
 J - 4 scrolls of remove curse
Potions
 e - 3 potions of might
 i - 3 potions of lignification
 k - a potion of haste
 m - 2 potions of berserk rage
 z - a potion of cancellation
 A - 4 potions of mutation
 C - a potion of ambrosia
 D - 3 potions of agility {unknown}
 E - a potion of flight {unknown}
 F - a potion of invisibility {unknown}
 G - a potion of curing {unknown}
Books
 c - a book of Minor Magic

   Spells                             Type                      Level
   a - Magic Dart                     Conjuration                  1
   b - Blink                          Translocation                2
   c - Call Imp                       Summoning                    2
   d - Slow                           Hexes                        2
   e - Conjure Flame                  Conjuration/Fire             3
   f - Mephitic Cloud                 Conjuration/Poison/Air       3
 B - a book of Misfortune

   Spells                             Type                      Level
   a - Confusing Touch                Hexes                        1
   b - Confuse                        Hexes                        3
   c - Gell's Gravitas                Translocation                3
   d - Petrify                        Transmutation/Earth          4
   e - Metabolic Englaciation         Hexes/Ice                    5
   f - Yara's Violent Unravelling     Hexes/Transmutation          5
Comestibles
 d - 9 bread rations
 f - 6 fruits
 o - 6 meat rations
 r - 4 royal jellies
 M - a chunk of flesh


   Skills:
 + Level 5.3 Fighting
 - Level 5.1 Armour
 - Level 5.0 Dodging
 - Level 2.1 Stealth
 - Level 5.0 Spellcasting
 - Level 7.0 Conjurations
 - Level 2.0 Summonings
 - Level 2.0 Translocations
 - Level 2.0 Fire Magic
 - Level 2.0 Air Magic
 - Level 2.0 Poison Magic


You had 7 spell levels left.
You knew the following spells:

 Your Spells              Type           Power        Failure   Level  Hunger
a - Magic Dart            Conj           ####         1%          1    None
c - Conjure Flame         Conj/Fire      ####....     4%          3    ##.....
d - Mephitic Cloud        Conj/Pois/Air  ###.....     7%          3    ##.....
B - Blink                 Tloc           N/A          7%          2    None
I - Call Imp              Summ           ##......     6%          2    None


Dungeon Overview and Level Annotations

Branches:
Dungeon (9/15)             Temple (0/1) D:6            Lair (1/6) D:8
    Orc: D:9-12

Shops:
D:9 *

Annotations:
D:2 1 runed door, exclusion: adder
D:3 exclusions: 2 orcs and orc priest, Jumanji's ghost, amateur MiFi
D:4 Menkaure
D:5 Blork the orc
D:6 2 transporters
D:7 exclusion: door, Pikel
D:8 exclusion: wyvern
D:9 exclusions: door, hound, necrophage, polar bear, sky beast and 4 wolves


Innate Abilities, Weirdness & Mutations

You have an increased reservoir of magic. (+10% MP)


Message History

You feel sick. The spiny frog stings you!
* * * LOW HITPOINT WARNING * * *
You feel much better.
You feel sick. The spiny frog closely misses you.
Casting: Magic Dart
Confirm with . or Enter, or press ? or * to list all spells.
Aiming: Magic Dart
Press: ? - help, Shift-Dir - straight line, f/p - spiny frog
Aim: a spiny frog (heavily wounded)
The magic dart hits the spiny frog.
The spiny frog is severely wounded.
You feel sick. The spiny frog closely misses you.
Casting: Magic Dart
Confirm with . or Enter, or press ? or * to list all spells.
Aiming: Magic Dart
Press: ? - help, Shift-Dir - straight line, f/p - spiny frog
Aim: a spiny frog (severely wounded)
The magic dart hits the spiny frog.
The spiny frog is severely wounded.
The spiny frog stings you!
You die...

##P.. .... ...
#.. ##.. ##
.###P..##.#
..........#
§≈.....@..#
§§.....F..#
§§...........
#≈.............
≈≈.............
...............
..#.##.P#P.....
.... ..........


You could see a spiny frog.

Vanquished Creatures
  An elephant (D:8)
  A spriggan (D:8)
  A wyvern (D:8)
  2 yaks
  2 steam dragons (D:6)
  4 orc warriors
  2 black bears
  4 slaves
  An ice beast (D:5)
  A sky beast (D:5)
  A necrophage (D:5)
  2 centaurs
  A wolf (D:9)
  2 big kobolds
  2 crocodiles (D:8)
  3 bullfrogs
  A scorpion (D:8)
  4 killer bees (D:7)
  A howler monkey (D:6)
  A crimson imp (D:5)
  A centaur zombie (D:5)
  3 jellies
  A centaur skeleton (D:7)
  2 hounds
  2 orc priests
  2 iguanas
  6 worker ants
  Natasha (thrice) (D:2)
  13 orc wizards
  A howler monkey zombie (D:9)
  8 adders
  A hound simulacrum (D:9)
  4 shadow imps
  A white imp (D:9)
  3 ufetubi (D:9)
  2 oozes
  2 adder skeletons
  2 worms
  4 dart slugs
  An adder simulacrum (D:9)
  3 leopard geckos
  26 orcs
  2 ball pythons
  10 bats
  6 giant cockroaches
  7 goblins
  6 hobgoblins
  13 jackals
  3 quokkas
  A frilled lizard (D:3)
  20 kobolds
  A quokka zombie (D:5)
  13 rats
210 creatures vanquished.

Vanquished Creatures (others)
  2 hippogriffs (D:6)
  An iguana (D:6)
3 creatures vanquished.

Grand Total: 213 creatures vanquished

Notes
Turn   | Place    | Note
-------+----------+-------------------------------------------
     0 | D:1      | xgamer67 the Demigod Wizard began the quest for the Orb.
     0 | D:1      | Reached XP level 1. HP: 14/14 MP: 6/6
     7 | D:1      | Reached skill level 1 in Conjurations
   580 | D:1      | Reached skill level 2 in Conjurations
   580 | D:1      | Reached XP level 2. HP: 20/20 MP: 4/8
   664 | D:1      | Learned a level 2 spell: Blink
   667 | D:1      | Learned a level 2 spell: Call Imp
  1518 | D:1      | Reached XP level 3. HP: 26/26 MP: 6/9
  1526 | D:1      | Reached skill level 3 in Conjurations
  2099 | D:2      | Noticed Natasha
  2105 | D:2      | Killed Natasha
  2105 | D:2      | Reached XP level 4. HP: 32/33 MP: 3/10
  2258 | D:2      | Reached skill level 4 in Conjurations
  2266 | D:2      | Learned a level 3 spell: Mephitic Cloud
  2290 | D:2      | Reached skill level 1 in Translocations
  2360 | D:2      | Reached skill level 1 in Summonings
  2412 | D:2      | Noticed Natasha
  2417 | D:2      | Killed Natasha
  2575 | D:2      | Noticed Natasha
  2581 | D:2      | Killed Natasha
  2581 | D:2      | Reached XP level 5. HP: 38/38 MP: 4/11
  2621 | D:2      | Reached skill level 1 in Poison Magic
  2651 | D:2      | Found a runed door.
  3067 | D:3      | Reached skill level 1 in Air Magic
  3558 | D:3      | Noticed Jumanji's ghost (amateur MiFi)
  3793 | D:4      | Noticed Menkaure
  4174 | D:4      | Reached XP level 6. HP: 45/45 MP: 7/13
  4415 | D:4      | Found a hide-covered altar of Uskayaw.
  4483 | D:5      | Entered Level 5 of the Dungeon
  4586 | D:5      | Reached skill level 1 in Fighting
  4769 | D:5      | Reached XP level 7. HP: 47/55 MP: 4/14
  5087 | D:5      | Reached skill level 5 in Conjurations
  5092 | D:5      | Learned a level 3 spell: Conjure Flame
  5217 | D:5      | Noticed Blork the orc
  5627 | D:6      | Noticed a steam dragon
  5647 | D:6      | Noticed a steam dragon
  5652 | D:6      | Killed a steam dragon
  5652 | D:6      | Reached skill level 1 in Fire Magic
  5964 | D:6      | Noticed an efreet
  5966 | D:6      | Found an ancient bone altar of Kikubaaqudgha.
  5967 | D:6      | Noticed an ogre mage
  5968 | D:6      | Found a snail-covered altar of Cheibriados.
  5968 | D:6      | Found a transporter.
  5969 | D:6      | Noticed a hippogriff
  5979 | D:6      | Noticed a hippogriff
  5989 | D:6      | Found a shadowy altar of Dithmenos.
  5991 | D:6      | Found a transporter.
  6011 | D:6      | Found a basalt altar of Yredelemnul.
  6106 | D:6      | Reached skill level 6 in Conjurations
  6249 | D:6      | Found a staircase to the Ecumenical Temple.
  6297 | D:6      | Reached XP level 8. HP: 26/60 MP: 12/16
  6477 | D:6      | Killed a hippogriff
  6578 | D:6      | Killed a hippogriff
  6827 | D:6      | Reached skill level 7 in Conjurations
  7334 | D:7      | Noticed Pikel
  7993 | D:7      | Found a glowing silver altar of Zin.
  7993 | D:7      | Found a faded altar of an unknown god.
  8000 | D:7      | Found a stormy altar of Qazlal.
  8074 | D:7      | Found a shimmering altar of Xom.
  8075 | D:7      | Found a hazy altar of Hepliaklqana.
  8076 | D:7      | Noticed a spectral ugly thing
  8153 | D:8      | Reached skill level 5 in Spellcasting
  8327 | D:8      | Reached XP level 9. HP: 62/70 MP: 11/20
  8854 | D:9      | Found Poekk's Assorted Antiques.
  8858 | D:9      | Bought a scroll labeled UNAHUNETRI for 31 gold pieces
  8858 | D:9      | Bought 2 glowing amethyst potions for 55 gold pieces
  8858 | D:9      | Bought a runed ruby amulet for 155 gold pieces
  9226 | D:9      | Reached skill level 5 in Dodging
  9251 | D:9      | Reached skill level 1 in Armour
  9866 | D:8      | Found a staircase to the Lair.
 10057 | D:8      | Noticed an elephant
 10077 | D:8      | Killed an elephant
 10077 | D:8      | Reached skill level 5 in Fighting
 10077 | D:8      | Reached skill level 5 in Armour
 10355 | D:8      | Noticed a two-headed ogre
 10387 | Lair:1   | Entered Level 1 of the Lair of Beasts
 10387 | Lair:1   | Noticed a spiny frog
 10400 | Lair:1   | HP: 2/73 [spiny frog (17)]
 10403 | Lair:1   | Slain by a spiny frog

Skill      XL: |  1  2  3  4  5  6  7  8  9 |
---------------+----------------------------+-----
Conjurations   | 2 3 4 6 7 |  7.0
Translocations | 1 2 |  2.0
Summonings     | 1 2 |  2.0
Poison Magic   | 1 2 |  2.0
Air Magic      | 1 2 |  2.0
Spellcasting   | 3 5 |  5.0
Stealth        | 2 |  2.1
Fighting       | 2 3 5 |  5.3
Dodging        | 3 4 5 |  5.0
Fire Magic     | 2 |  2.0
Armour         | 5 |  5.1

Action                   |  1- 3 |  4- 6 |  7- 9 || total
-------------------------+-------+-------+-------++-------
Melee: Unarmed           |    19 |       |       ||    19
       Dagger            |    36 |    80 |   214 ||   330
       Rapier            |     2 |    23 |       ||    25
 Cast: Magic Dart        |    58 |   162 |   336 ||   556
       Call Imp          |       |     1 |       ||     1
       Mephitic Cloud    |       |       |    24 ||    24
       Conjure Flame     |       |       |    10 ||    10
  Use: Scroll            |     2 |     6 |     9 ||    17
       Potion            |       |       |     3 ||     3
 Stab: Sleeping          |     3 |     1 |     1 ||     5
       Confused          |       |       |     6 ||     6
  Eat: Chunk             |     3 |     9 |    34 ||    46
Armor: Robe              |     6 |       |       ||     6
       Leather armour    |    19 |    62 |    19 ||   100
       Steam dragon scal |       |       |    75 ||    75
Dodge: Dodged            |    39 |   101 |   173 ||   313
